Map: Dusk Towers

Players

Hunk

  • Race: Zerg Zerg
  • League: Gold

capac - Winner!

  • Race: Terran Terran
  • League: Gold

VOD

Have the link to the VOD?

Description

Time

  • Played on: March 6, 2016, 2:33 p.m.
  • Length: 12:58
Show
View Real Time Build Order
Export as new Build Order

Hunk Zerg 

Build Orders: Hatch First 

Get SALT Encoding   

  12  0:01  Drone  
  13  0:08  Drone  
  14  0:17  Overlord  
  14  0:30  Extractor x2, Drone x2  
  17  0:35  Drone  
  17  0:57  Hatchery  
  16  1:04  Extractor  
  16  1:11  Spawning Pool, Drone  
  14  1:16  Drone  
  16  1:20  Drone  
  16  1:25  Drone  
  18  1:49  Hatchery  
  17  1:58  Queen  
  19  2:09  Queen  
  19  2:15  Drone  
  22  2:17  Drone  
  22  2:21  Zergling x2  
  24  2:24  Zergling x2  
  25  2:32  Metabolic Boost  
  25  2:40  Overlord  
  25  2:58  Drone x3  
  25  2:59  Drone x2  
  25  3:01  Zergling x2  
  25  3:02  Zergling x2  
  32  3:11  Queen  
  34  3:20  Drone x2  
  34  3:25  Overlord  
  36  3:36  Drone x2  
  36  3:38  Zergling x4  
  36  3:39  Zergling x2  
  41  3:50  Roach Warren, Drone x2  
  41  3:53  Drone  
  43  4:04  Lair  
  43  4:06  Drone x3  
  46  4:28  Zergling x2  
  46  4:29  Zergling x6  
  50  4:46  Overlord x2  
  50  4:47  Overlord x5  
  50  4:53  Extractor  
  50  4:54  Extractor  
  50  4:57  Extractor  
  50  4:59  Overlord  
  47  5:01  Overlord  
  47  5:08  Drone x8  
  47  5:12  Drone  
  56  5:20  Drone x2  
  56  5:21  Evolution Chamber  
  57  5:22  Evolution Chamber  
  57  5:24  Glial Reconstitution  
  57  5:27  Roach  
  57  5:28  Roach x2  
  62  5:33  Drone x2  
  62  5:34  Drone  
  65  5:42  Drone x3  
  68  5:45  Drone x3  
  68  5:47  Drone  
  72  5:59  Hydralisk Den, Drone x5  
  76  6:05  Zerg Melee Weapons Level 1  
  76  6:07  Zerg Ground Armor Level 1  
  76  6:10  Drone  
  76  6:11  Drone  
  78  6:12  Drone  
  79  6:21  Roach  
  79  6:22  Roach x4  
  79  6:24  Roach  
  91  6:26  Roach  
  91  6:28  Roach  
  91  6:30  Roach  
  91  6:32  Roach  
  99  6:37  Overlord x2  
  82  7:01  Roach  
  82  7:02  Roach x10  
  86  7:15  Roach  
  86  7:16  Roach x4  
  91  7:33  Roach x4  
  99  7:42  Queen  
  103  7:44  Roach x3  
  107  7:54  Muscular Augments  
  107  7:55  Hydralisk  
  107  7:56  Hydralisk  
  111  7:59  Hatchery, Hydralisk  
  112  8:09  Zerg Missile Weapons Level 1, Zerg Ground Armor Level 2  
  112  8:15  Hydralisk  
  112  8:16  Hydralisk x2  
  112  8:18  Zergling x2  
  112  8:19  Zergling x2  
  120  8:20  Zergling x2  
  120  8:25  Zergling x2  
  120  8:26  Zergling x6  
  125  8:27  Zergling x2  
  126  8:39  Zergling x8  
  130  8:51  Spire  
  129  8:56  Pneumatized Carapace  
  129  9:14  Overlord  
  129  9:15  Overlord x10  
  129  9:23  Extractor x2  
  127  9:26  Overlord x3  
  127  9:36  Spore Crawler x2  
  127  9:38  Drone, Spore Crawler  
  125  9:39  Spore Crawler  
  125  9:40  Drone  
  125  9:44  Drone x2  
  128  9:45  Drone  
  128  9:47  Drone  
  129  9:57  Spore Crawler  
  129  9:58  Spore Crawler  
  127  10:13  Drone x10  
  137  10:16  Extractor  
  137  10:18  Corruptor  
  138  10:23  Corruptor  
  137  10:40  Drone x4  
  137  10:41  Drone  
  142  10:48  Hydralisk  
  142  10:49  Hydralisk x4  
  152  10:53  Corruptor  
  154  11:04  Corruptor  
  156  11:13  Drone  
  156  11:14  Drone x6  
  163  11:25  Spore Crawler  
  162  11:27  Hydralisk  
  162  11:28  Hydralisk x2, Spore Crawler  
  167  11:34  Overseer  
  167  11:41  Zergling x16  
  167  11:42  Zergling x6  
  178  11:49  Corruptor x2  
  148  12:33  Roach  
  148  12:34  Roach x21  
Show
View Real Time Build Order
Export as new Build Order

capac Terran - Winner!

Build Orders: Bio Tank 

Get SALT Encoding   

  12  0:00  SCV  
  13  0:13  SCV  
  14  0:18  Supply Depot  
  14  0:25  SCV  
  15  0:39  SCV  
  15  0:41  Barracks  
  16  0:48  Refinery  
  16  0:51  SCV  
  17  1:03  SCV  
  18  1:15  SCV  
  19  1:28  SCV  
  19  1:32  Barracks Reactor  
  20  1:36  Command Center  
  20  1:40  SCV  
  20  1:45  Supply Depot  
  21  1:53  Orbital Command  
  21  2:08  Marine x2  
  21  2:12  Barracks  
  23  2:24  Factory, SCV  
  23  2:28  Marine  
  25  2:30  Marine  
  25  2:36  SCV  
  27  2:41  Refinery  
  27  2:48  SCV  
  28  2:53  Orbital Command  
  28  3:01  Barracks Tech Lab  
  28  3:09  Factory Tech Lab  
  28  3:11  Marine x2  
  30  3:18  SCV  
  31  3:20  Marine  
  31  3:23  Stimpack  
  32  3:28  Marine  
  32  3:29  Starport, Marine  
  34  3:36  SCV x2  
  34  3:41  Marine  
  36  3:46  Siege Tank  
  40  3:51  Refinery, SCV x2  
  40  3:54  Marine x2  
  44  4:01  Supply Depot  
  44  4:08  Starport Reactor  
  44  4:09  SCV x2  
  46  4:13  Engineering Bay  
  46  4:19  Engineering Bay  
  46  4:22  Marine x3  
  49  4:25  Supply Depot  
  49  4:44  Medivac  
  49  4:45  Medivac  
  53  4:48  Siege Tank  
  53  4:50  Marine x3  
  60  5:00  SCV x2  
  60  5:01  Refinery  
  60  5:06  Supply Depot  
  61  5:08  Marine  
  62  5:27  Marine x2, Medivac x2  
  68  5:35  Supply Depot  
  68  5:36  Marine  
  68  5:39  Siege Tank  
  72  5:45  Marine x2  
  72  5:48  SCV x2  
  76  5:54  Marine  
  77  6:07  Medivac x2  
  77  6:08  Marine x2  
  83  6:12  Marine  
  83  6:15  Command Center  
  84  6:19  Barracks x2  
  84  6:22  Barracks  
  84  6:29  Marine x2  
  86  6:35  Supply Depot  
  86  6:37  Supply Depot  
  86  6:41  Siege Tank  
  77  7:05  Liberator x2  
  71  7:24  Marine x3  
  77  7:41  Marine x2  
  77  7:42  Marine  
  80  7:52  Siege Tank  
  80  7:56  Barracks Reactor  
  80  7:57  Barracks Reactor  
  83  7:58  Barracks Reactor  
  83  7:59  Marine x2  
  83  8:00  Marine  
  86  8:08  Orbital Command  
  86  8:16  Medivac x2  
  86  8:17  Marine x2  
  86  8:18  Terran Infantry Weapons Level 1, Terran Infantry Armor Level 1  
  92  8:24  SCV  
  92  8:26  SCV  
  94  8:40  SCV x3  
  97  8:50  Medivac x2  
  97  8:52  SCV  
  102  9:15  Marine  
  102  9:16  Marine x6  
  102  9:17  Marine  
  106  9:18  Siege Tank  
  106  9:22  Marine  
  111  9:24  Medivac x2  
  111  9:27  Combat Shields  
  111  9:30  SCV x2  
  111  9:31  SCV  
  118  9:33  Supply Depot, Marine x2  
  120  9:50  Siege Tank  
  123  9:56  Liberator x2  
  123  9:57  Supply Depot, Factory  
  123  9:58  Starport  
  123  9:59  Armory  
  123  10:00  SCV x2  
  123  10:03  SCV  
  126  10:08  Marine x7  
  126  10:09  Marine x2  
  141  10:26  Siege Tank  
  144  10:33  Supply Depot  
  144  10:38  Supply Depot, Starport Reactor  
  141  10:51  Terran Vehicle Weapons Level 1  
  141  10:54  Marine  
  141  10:55  Marine x6  
  141  10:56  Marine x2  
  150  11:02  Siege Tank  
  153  11:22  Liberator  
  153  11:33  Marine  
  153  11:34  Marine x6  
  153  11:35  Marine  
  164  11:56  Command Center  
  164  12:13  Marine  
  165  12:24  Marine x4  
  165  12:25  Marine x3  
Tags
 
Composition
Bio Tank
League
GoldGold
Matchup
TvZ
Add a new tag
Caveats
  • Supply blocks, unpowered buildings, or Contaminate may cause inaccurate times.
  • Supply counts are checked every 10 seconds.